[Event "Late-Titled-Tuesday-Blitz-May-28-2024"]
[Site "Chess.com"]
[Date "2024.05.28"]
[Round "2"]
[White "CDOEspiao"]
[Black "Rodalquilar"]
[Result "0-1"]
[WhiteElo "2542"]
[BlackElo "2807"]
[TimeControl "180+1"]
[EndTime "14:16:45 PDT"]
[Termination "Rodalquilar won by resignation"]

1. d4 d5 2. Nc3 Nf6 3. Bf4 c5 4.
e4 cxd4 5. Qxd4 Nc6 6. Bb5 Bd7 7.
Bxc6 Bxc6 8. e5 Nd7 9. e6 fxe6 10.
Nf3 Qb6 11. Qxb6 axb6 12. O-O h6 13. h4 g6 14. Rfe1 Kf7 15. Re2 Bg7 16. Rae1 d4 17. Nb1 Bxf3 18. gxf3 e5 19. Bg3 Rxa2 20. f4 Rxb2 21.
fxe5 Ke6 22. Na3 Rc8 23. f4 Rc3 24. Bf2 Rxa3 25. Bxd4 Rba2 26. Rg2 Nf8 27. h5 Kf5 28. Rb1 Ra4 29. Be3 Ra1 30. Rxa1 Rxa1+ 31. Kf2 b5 32. Ke2 Ra6 33. Bc5 Ne6 34. Rxg6 Nxf4+ 0-1

[Event "Late-Titled-Tuesday-Blitz-May-28-2024"]
[Site "Chess.com"]
[Date "2024.05.28"]
[Round "2"]
[White "maurovargas01"]
[Black "Chessdemon2019"]
[Result "1-0"]
[WhiteElo "1919"]
[BlackElo "2425"]
[TimeControl "180+1"]
[EndTime "14:16:45 PDT"]
[Termination "maurovargas01 won by resignation"]

1. e4 c5 2. Nc3 Nc6 3. f4 g6 4.
Nf3 Bg7 5. d3 e6 6. g4 d5 7. e5 h5 8. Nb5 Bf8 9. g5 a6 10. Nc3 Nge7 11. Nh4 b5 12. Bg2 Bb7 13. O-O Qb6 14. Kh1 O-O-O 15. a4 b4 16. Ne2 a5 17. Be3 Ba6 18. Bf2 Kc7 19. b3 Nc8 20. Rc1 Qb7 21. c3 Kb8 22. c4 Qd7 23. Qc2 d4 24. Ng3 Bb7 25. Ne4 Bg7 26. Nxc5 Qe7 27. Nxb7 Kxb7 28.
Nf3 Qc5 29. Nd2 Ne7 30. Ne4 Qb6 31. Nd6+ Ka6 32. Nxf7 Rhf8 33. Nxd8 Rxd8 34. c5 Qc7 35. Qc4+ Kb7 36. Qb5+ Kc8 37. Qa6+ Kd7 38. Qc4 Kc8 39. Bh3 Nd5 40. Bxe6+ 1-0

[Event "Late-Titled-Tuesday-Blitz-May-28-2024"]
[Site "Chess.com"]
[Date "2024.05.28"]
[Round "2"]
[White "Valiyev_Shahin"]
[Black "Tol_Tol"]
[Result "0-1"]
[WhiteElo "2526"]
[BlackElo "2364"]
[TimeControl "180+1"]
[EndTime "14:16:46 PDT"]
[Termination "Tol_Tol won by resignation"]

1. e4 c5 2. Nf3 Nc6 3. d4 cxd4 4. Nxd4 Nf6 5. Nc3 e5 6. Ndb5 d6 7. Bg5 a6 8. Na3 b5 9. Nd5 Be7 10. Bxf6 Bxf6 11. c3 Bg5 12. Nc2 Rb8 13. a3 O-O 14. h4 Bh6 15. g4 Bf4 16. Qf3 Be6 17. Nxf4 exf4 18. Qxf4 Ne5 19. Be2 Bxg4 20. Rg1 Bxe2 21. Kxe2 f5 22. Nd4 fxe4 23. Qxe4 Qf6 24. Rg2 Rbe8 25. Kf1 Kh8 26. Re1 Qf7 27. Qc2 Qc4+ 28. Kg1 Qxd4 29. cxd4 Nf3+ 0-1

[Event "Late-Titled-Tuesday-Blitz-May-28-2024"]
[Site "Chess.com"]
[Date "2024.05.28"]
[Round "2"]
[White "Meri-Arabidze"]
[Black "ZachHKL"]
[Result "1-0"]
[WhiteElo "2698"]
[BlackElo "2375"]
[TimeControl "180+1"]
[EndTime "14:16:49 PDT"]
[Termination "Meri-Arabidze won by resignation"]

1. Nf3 d5 2. c4 c6 3. g3 Nf6 4.
Bg2 g6 5. b3 Bg7 6. Bb2 O-O 7.
O-O Bg4 8. d3 Nbd7 9. h3 Bxf3 10. Bxf3 e5 11. Bg2 Re8 12. b4 a6 13. Nd2 Qb6 14.
Qb3 Nh5 15. Kh2 d4 16. c5 Qc7 17. Nc4 Nhf6 18. Nd6 Re6 19. Rae1 a5 20. a3 axb4 21. axb4 b6 22. Qc4 bxc5 23. bxc5 Nxc5 24. Nxf7 Kxf7 25. Qxc5 Ra5 26. Qc4 Qb7 27. Bc1 Qb5 28. Qc2 Kg8 29. Bd2 Ra8 30. Rb1 Qa4 31. Rfc1 Qxc2 32. Rxc2 Nd5 33.
Rxc6 Rxc6 34. Bxd5+ Kf8 35. Bxc6 Ra2 36. Bb4+ Kf7 1-0

[Event "Late-Titled-Tuesday-Blitz-May-28-2024"]
[Site "Chess.com"]
[Date "2024.05.28"]
[Round "2"]
[White "colegiodemadrid"]
[Black "LUISMIGUELOV"]
[Result "1-0"]
[WhiteElo "2507"]
[BlackElo "2238"]
[TimeControl "180+1"]
[EndTime "14:16:51 PDT"]
[Termination "colegiodemadrid won on time"]

1. Nf3 d5 2. g3 Bg4 3. Bg2 e6 4. c4 c6 5. cxd5 exd5 6. Ne5 Bf5 7. Qb3 Qb6 8. Qf3 Bg6 9. h4 Nf6 10. h5 Be4 11. Qf4 Bxg2 12. Rh2 Be4 13. d3 Bb4+ 14. Kf1 Nbd7 15. Nxd7 Kxd7 16. dxe4 dxe4 17. h6 Bd6 18. Qf5+ Ke7 19. hxg7 Rhg8 20. Rh6 Qd4 21. Nc3 Rxg7 22. Bg5 Rg6 23. Bxf6+ Qxf6 24. Qxf6+ Rxf6 25. Rxf6 Kxf6 26. Nxe4+ Ke5 27. Nd2 Bc5 28. Rd1 Rh8 29. Nc4+ Ke6 30. Kg2 h5 31. Rh1 Bd4 32. b3 b5 33. Nd2 c5 34.
Nf3 Bf6 35. e4 c4 36. bxc4 bxc4 37. Rc1 Rc8 38. Ne1 Ke5 39. Kf3 Kd4 40. Rc2 c3 41.
Kf4 1-0

[Event "Late-Titled-Tuesday-Blitz-May-28-2024"]
[Site "Chess.com"]
[Date "2024.05.28"]
[Round "2"]
[White "yaguigor"]
[Black "CheckBits"]
[Result "0-1"]
[WhiteElo "2581"]
[BlackElo "2390"]
[TimeControl "180+1"]
[EndTime "14:16:52 PDT"]
[Termination "CheckBits won by resignation"]

1. Nf3 d5 2. c4 e6 3. d4 dxc4 4.
e3 a6 5. Bxc4 Nf6 6. a4 Be7 7.
O-O O-O 8. Nc3 c5 9. d5 exd5 10. Nxd5 Nxd5 11. Bxd5 Qc7 12. e4 Bg4 13. h3 Bh5 14. g4 Bg6 15. Qe2 Nc6 16. Be3 Rfe8 17. Nd2 Nd4 18. Bxd4 cxd4 19. f4 h5 20. Qd3 Rad8 21. f5 Bh7 22. Rac1 Qb8 23. Qb3 Rxd5 24. exd5 Bg5 25. Rce1 Bxd2 26. Rxe8+ Qxe8 27. Kg2 hxg4 28. hxg4 Qe2+ 29. Rf2 Qxg4+ 30. Qg3 Qxg3+ 31. Kxg3 Be1 32. d6 Bxf2+ 33. Kxf2 Bxf5 0-1

[Event "Late-Titled-Tuesday-Blitz-May-28-2024"]
[Site "Chess.com"]
[Date "2024.05.28"]
[Round "2"]
[White "protectiago"]
[Black "shrek4life02"]
[Result "0-1"]
[WhiteElo "2133"]
[BlackElo "2663"]
[TimeControl "180+1"]
[EndTime "14:16:55 PDT"]
[Termination "shrek4life02 won by resignation"]

1. d4 Nf6 2. c4 e6 3. g3 Bb4+ 4. Bd2 Be7 5. Nf3 d5 6. Bg2 c6 7. Qc2 O-O 8. Bf4 Bb4+ 9. Nbd2 Ne4 10. O-O Nxd2 11. Nxd2 Nd7 12. Rad1 Re8 13. e4 dxe4 14. Nxe4 Nf6 15. c5 Nd5 16. Ng5 g6 17. Bc1 Ba5 18.
Qe4 h6 19. Nf3 Kg7 20. Ne5 Rh8 21. a3 Qe8 22. h4 f6 23. Nc4 Bc7 24. Rfe1 Qf7 25. b4 Bd7 26. Bb2 Rae8 27. Qd3 Rhf8 28. Be4 Rg8 29. Bc1 Kh7 30. Qd2 Qg7 31. Qb2 Kh8 32.
a4 a6 33. Bxd5 exd5 34. Ne3 Re4 35. b5 axb5 36. axb5 Rge8 37. bxc6 Bxc6 38. Qa2 Qe7 39. Bd2 Qe6 40. Ng2 Kh7 41. Rxe4 dxe4 42. Bf4 Qxa2 0-1

[Event "Late-Titled-Tuesday-Blitz-May-28-2024"]
[Site "Chess.com"]
[Date "2024.05.28"]
[Round "2"]
[White "djano"]
[Black "Jospem"]
[Result "0-1"]
[WhiteElo "2598"]
[BlackElo "3017"]
[TimeControl "180+1"]
[EndTime "14:16:58 PDT"]
[Termination "Jospem won on time"]

1. e4 c5 2. Nc3 d6 3. f4 e6 4. Nf3 a6 5. g3 Nc6 6. Bg2 Nf6 7.
O-O Be7 8. d3 O-O 9. h3 Nd7 10.
g4 b5 11. Ne2 Bb7 12. Ng3 Rc8 13. g5 Nd4 14. h4 Nxf3+ 15. Qxf3 f5 16. Qe2 Kh8 17.
Bd2 d5 18. exf5 exf5 19. Rae1 Bd6 20. Qe6 Rc6 21. Bxd5 Rb6 22. Ba5 Bc8 23. Bxb6 Nxb6 24.
Qe2 Nxd5 25. Qd2 Qc7 26. Nh5 Qf7 27. Ng3 Bb7 28. Re2 Qc7 29. Nh5 Ne7 30. Rfe1 Qc6 31. Kh2 Ng6 32. Qc3 Bxf4+ 33. Kh3 Qf3+ 0-1

[Event "Late-Titled-Tuesday-Blitz-May-28-2024"]
[Site "Chess.com"]
[Date "2024.05.28"]
[Round "2"]
[White "Pawngobblerx2000"]
[Black "NikaVolkov"]
[Result "0-1"]
[WhiteElo "2487"]
[BlackElo "2758"]
[TimeControl "180+1"]
[EndTime "14:17:01 PDT"]
[Termination "NikaVolkov won by resignation"]

1. c4 e6 2. g3 d5 3. Nf3 Nf6 4. Bg2 Be7 5. O-O O-O 6. d4 dxc4 7. Qc2 a6 8. Rd1 Nbd7 9. Qxc4 c5 10. Bg5 b5 11. Qc2 Bb7 12. dxc5 Qc7 13. b4 a5 14. Bf4 e5 15. Nxe5 Nxe5 16. Bxb7 Qxb7 17. Bxe5 axb4 18. c6 Qb6 19. Nd2 Ng4 20. Qf5 Nxf2 21. Nc4 Nh3+ 22. Kg2 Qxc6+ 23. Kxh3 bxc4 24. Qg4 g6 25. Qf4 Ra5 26. Rac1 Qe6+ 0-1

[Event "Late-Titled-Tuesday-Blitz-May-28-2024"]
[Site "Chess.com"]
[Date "2024.05.28"]
[Round "2"]
[White "GoltsevDmitry2000"]
[Black "jup1978"]
[Result "1-0"]
[WhiteElo "2749"]
[BlackElo "2419"]
[TimeControl "180+1"]
[EndTime "14:17:02 PDT"]
[Termination "GoltsevDmitry2000 won on time"]

1. e4 e6 2. d4 d5 3. exd5 exd5 4. Nf3 Nc6 5. c4 Bb4+ 6. Nc3 Nge7 7. Bd3 dxc4 8. Bxc4 O-O 9. O-O Bg4 10. a3 Bd6 11. Bg5 Bxf3 12. Qxf3 Nxd4 13. Qxb7 Rb8 14. Qxa7 h6 15.
Bh4 Ndf5 16. Bxe7 Qxe7 17. g3 Rxb2 18. Rae1 Qf6 19. Ne4 Qg6 20. a4 Bb4 21. Re2 Nh4 22. Qe3 Rxe2 23. Bxe2 Nf5 24. Qf4 Nd4 25. Bd1 Ne6 26. Qg4 Qxg4 27. Bxg4 f5 28. Bh3 Nd4 29. Rb1 Ba5 30. Nc5 Nf3+ 31. Kh1 Ng5 32. Bg2 f4 33.
Rb5 Bb6 34. Nd7 Rf7 35. Bd5 1-0

[Event "Late-Titled-Tuesday-Blitz-May-28-2024"]
[Site "Chess.com"]
[Date "2024.05.28"]
[Round "2"]
[White "BattlestarGalactica04"]
[Black "Abduzhaparov"]
[Result "1/2-1/2"]
[WhiteElo "2191"]
[BlackElo "2469"]
[TimeControl "180+1"]
[EndTime "14:17:02 PDT"]
[Termination "Game drawn by stalemate"]

1. e4 d6 2. d4 Nf6 3. Nc3 e5 4. dxe5 dxe5 5. Qxd8+ Kxd8 6. Bc4 Ke8 7. f4 Nbd7 8. Nf3 Bd6 9. Nb5 a6 10. Nxd6+ cxd6 11. fxe5 Nxe5 12. Nxe5 dxe5 13. O-O Be6 14. Bxe6 fxe6 15.
b3 Rd8 16. Bb2 Rd2 17. Rf2 Rxf2 18. Kxf2 Nxe4+ 19. Ke3 Nf6 20. h3 e4 21. g4 h6 22.
Rd1 Ke7 23. c4 Rd8 24. Ba3+ Ke8 25. Rxd8+ Kxd8 26. Bf8 Ne8 27. Kxe4 Kd7 28. Ke5 b5 29. cxb5 axb5 30. a4 bxa4 31. bxa4 h5 32. gxh5 Nf6 33.
Bxg7 Nxh5 34. Bh6 Ng3 35. Be3 Nf5 36. Bf2 Ne7 37. h4 Ng6+ 38. Kf6 Nxh4 39. Bxh4 Kc6 40. Be1 Kb7 41. a5 Ka8 42. Kxe6 Ka7 43. Kd6 Ka8 44.
Kc6 Ka7 45. Kc7 Ka8 46. Kb6 Kb8 47. Bb4 Ka8 48. Bc5 Kb8 49. a6 Ka8 50. Ka5 Kb8 51.
Kb5 Ka8 52. Kb6 Kb8 53. Bb4 Ka8 54. Ba5 Kb8 55. a7+ Ka8 56. Ka6 1/2-1/2

[Event "Late-Titled-Tuesday-Blitz-May-28-2024"]
[Site "Chess.com"]
[Date "2024.05.28"]
[Round "2"]
[White "NathanHoover"]
[Black "Veleamater"]
[Result "0-1"]
[WhiteElo "1812"]
[BlackElo "2438"]
[TimeControl "180+1"]
[EndTime "14:17:02 PDT"]
[Termination "Veleamater won on time"]

1. e4 d6 2. d4 g6 3. Nc3 Bg7 4. f4 Nf6 5. Nf3 O-O 6. Bd3 Nc6 7. O-O e5 8. fxe5 dxe5 9. d5 Ne7 10. Be3 h6 11. Kh1 Ne8 12. Qe2 Nd6 13. Rad1 f5 14.
exf5 gxf5 15. Bb5 Ng6 16. Ba4 f4 17. Bc5 Bg4 18. Ne4 b6 19. Ba3 Rf5 20. Bc6 Rb8 21. c4 Rh5 22. c5 bxc5 23. Bxc5 Nxe4 24. Qxe4 Bf5 25. Qe2 e4 26. Nd4 Qh4 27. h3 f3 28.
Nxf3 exf3 29. Qxf3 Rxb2 30. Bxa7 Bxh3 31. Bf2 Rxf2 0-1

[Event "Late-Titled-Tuesday-Blitz-May-28-2024"]
[Site "Chess.com"]
[Date "2024.05.28"]
[Round "2"]
[White "KejJaj"]
[Black "Shankland"]
[Result "0-1"]
[WhiteElo "2134"]
[BlackElo "2995"]
[TimeControl "180+1"]
[EndTime "14:17:04 PDT"]
[Termination "Shankland won by resignation"]

1. d4 Nf6 2. Bf4 b6 3. Nf3 Bb7 4. e3 g6 5. Be2 Bg7 6. c4 O-O 7. Nc3 Ne4 8. Qc2 Nxc3 9. Qxc3 c5 10. O-O Nc6 11. Rfd1 Rc8 12. Qd2 cxd4 13. exd4 d5 14.
b3 dxc4 15. bxc4 Na5 16. Rac1 Bxf3 17. Bxf3 Nxc4 18. Qe2 b5 19. a4 a6 20. axb5 axb5 21. Bb7 Qd7 22. Bxc8 Rxc8 23. Be3 Qd5 24. Rb1 e6 25. h3 h5 26. Qe1 Bf8 27. Rd3 b4 28. Rdb3 Na3 29. R1b2 Nc2 30. Qd2 Nxe3 31. Qxe3 Rc4 32.
Rxb4 Bxb4 33. Qg3 Rc1+ 34. Kh2 Bd6 35. f4 Qxd4 36. Rf2 e5 37. Qg5 Qxf2 38. Qd8+ Bf8 0-1

[Event "Late-Titled-Tuesday-Blitz-May-28-2024"]
[Site "Chess.com"]
[Date "2024.05.28"]
[Round "2"]
[White "nindjaxx8"]
[Black "Quattroporte300"]
[Result "1-0"]
[WhiteElo "2634"]
[BlackElo "2395"]
[TimeControl "180+1"]
[EndTime "14:17:04 PDT"]
[Termination "nindjaxx8 won on time"]

1. d4 Nf6 2. c4 g6 3. Nc3 Bg7 4. e4 O-O 5. Be2 d6 6. Be3 e5 7. d5 Nbd7 8. g4 Nc5 9. f3 a5 10. h4 h5 11. g5 Ne8 12. Qd2 Bd7 13. O-O-O a4 14. Kb1 Qc8 15. Bf1 Kh7 16. Nh3 Rb8 17.
Nf2 b6 18. Nd3 Nxd3 19. Bxd3 f5 20. gxf6 Nxf6 21. Rdg1 Qe8 22. Rg3 Rg8 23. Rhg1 Bf8 24. Bg5 Qf7 25. Ne2 Be7 26. f4 exf4 27. Nxf4 Bg4 28. Bxf6 Bxf6 29. Rxg4 hxg4 30. Rxg4 Be5 31. Ne6 Bf6 32. Rf4 Qe7 33. h5 g5 34. Rxf6 g4 35. e5+ Kh8 36. Qh6+ 1-0

[Event "Late-Titled-Tuesday-Blitz-May-28-2024"]
[Site "Chess.com"]
[Date "2024.05.28"]
[Round "2"]
[White "Let_it_be_1"]
[Black "Genghis_K"]
[Result "0-1"]
[WhiteElo "2575"]
[BlackElo "2946"]
[TimeControl "180+1"]
[EndTime "14:17:05 PDT"]
[Termination "Genghis_K won by resignation"]

1. e4 c5 2. Nf3 d6 3. d4 cxd4 4. Nxd4 Nf6 5. Nc3 a6 6. Be2 e5 7. Nb3 Be7 8. O-O O-O 9. Kh1 b6 10. a4 Bb7 11. f3 Nc6 12. Bg5 Nb4 13. Qd2 d5 14. exd5 Nfxd5 15. Bxe7 Qxe7 16. Nxd5 Nxd5 17. c3 Rad8 18. Rad1 Nf4 19. Qe3 Qe6 20. c4 h5 21.
a5 h4 22. axb6 Qg6 23. Rg1 Qc2 24. Nc5 Nxe2 25. Rxd8 Rxd8 26. Nxb7 Rd1 0-1

[Event "Late-Titled-Tuesday-Blitz-May-28-2024"]
[Site "Chess.com"]
[Date "2024.05.28"]
[Round "2"]
[White "maracayo"]
[Black "ChessSwole"]
[Result "1-0"]
[WhiteElo "2422"]
[BlackElo "2682"]
[TimeControl "180+1"]
[EndTime "14:17:06 PDT"]
[Termination "maracayo won by resignation"]

1. e4 c5 2. Nf3 Nc6 3. Bb5 g6 4. O-O Bg7 5. Bxc6 bxc6 6. d3 d6 7. e5 Nh6 8. exd6 exd6 9. Bg5 Qb6 10. Nbd2 Be6 11. Ne4 O-O 12. Nxd6 Qxb2 13. Rb1 Qxa2 14. Qd2 Nf5 15. Ne4 c4 16. d4 c3 17. Qxc3 h6 18.
Bf6 Qd5 19. Rfe1 Rab8 20. Rxb8 Rxb8 21. Be5 Bxe5 22. dxe5 Qc4 23. Qa5 Rb5 24. Qd8+ Kg7 25. Nf6 1-0

[Event "Late-Titled-Tuesday-Blitz-May-28-2024"]
[Site "Chess.com"]
[Date "2024.05.28"]
[Round "2"]
[White "Kombinator01"]
[Black "2L8IWUN"]
[Result "1-0"]
[WhiteElo "2477"]
[BlackElo "2171"]
[TimeControl "180+1"]
[EndTime "14:17:07 PDT"]
[Termination "Kombinator01 won on time"]

1. b4 g6 2. Bb2 Nf6 3. h4 Bg7 4.
a3 a5 5. b5 h5 6. c4 d5 7. e3 Bf5 8. d4 dxc4 9. Bxc4 O-O 10.
Nf3 Nbd7 11. Nbd2 Nb6 12. Ba2 Ne4 13. Nxe4 Bxe4 14. O-O c6 15. a4 cxb5 16. axb5 a4 17. Ba3 Qd7 18. Ng5 Bd5 19. Bc5 Bxa2 20. Rxa2 Nd5 21.
Rxa4 Qxb5 22. Rxa8 Rxa8 23. Qf3 Nf6 24. Bxe7 Ra6 25. Rc1 Qd7 26. Bb4 Nd5 27. Qxd5 Qxd5 28. Rc8+ Bf8 29. Bxf8 Rc6 30. Rb8 1-0

[Event "Late-Titled-Tuesday-Blitz-May-28-2024"]
[Site "Chess.com"]
[Date "2024.05.28"]
[Round "2"]
[White "GothamChess"]
[Black "zsizsi99"]
[Result "1-0"]
[WhiteElo "2807"]
[BlackElo "2543"]
[TimeControl "180+1"]
[EndTime "14:17:12 PDT"]
[Termination "GothamChess won by resignation"]

1. e4 c5 2. a3 Nf6 3. e5 Nd5 4. Nf3 g6 5. Bc4 Nc7 6. O-O Bg7 7. Re1 O-O 8. Nc3 Nc6 9. d3 Rb8 10. Bf4 b5 11. Ba2 Ne6 12. Bg3 Bb7 13. Nxb5 Qb6 14.
Bc4 a6 15. Nc3 Ncd4 16. Nxd4 cxd4 17. Nd5 Bxd5 18. Bxd5 Qxb2 19. Bc4 a5 20. h4 Nc5 21. e6 Nxe6 22. Bxb8 Qxb8 23. Rb1 Qd6 24. a4 Nf4 25.
Qf3 e5 26. Rb5 Qa3 27. g3 Ne6 28. Bb3 Nc7 29. Rb7 Qc5 30. h5 Qd6 31. hxg6 hxg6 32.
Kg2 Bf6 33. Rxc7 Qxc7 34. Qxf6 1-0

[Event "Late-Titled-Tuesday-Blitz-May-28-2024"]
[Site "Chess.com"]
[Date "2024.05.28"]
[Round "2"]
[White "Kielinkei"]
[Black "cthake"]
[Result "1-0"]
[WhiteElo "2435"]
[BlackElo "1764"]
[TimeControl "180+1"]
[EndTime "14:17:14 PDT"]
[Termination "Kielinkei won by resignation"]

1. c4 e5 2. g3 Nc6 3. Bg2 g6 4. Nc3 Bg7 5. e4 d6 6. Nge2 Nge7 7. O-O O-O 8. d3 Be6 9. f4 f5 10. Be3 Qd7 11. Qd2 fxe4 12. Nxe4 Bh3 13. Rae1 Bxg2 14.
Kxg2 Nf5 15. Bg1 exf4 16. Nxf4 Ne5 17. Ng5 Rae8 18. Nd5 c6 19. Nf4 d5 20. cxd5 cxd5 21.
Bc5 Nd6 22. Qb4 Nc6 23. Qa3 Rxe1 24. Rxe1 Rf6 25. Nge6 g5 26. Nxg7 Kxg7 27. Nh5+ Kg6 28. Nxf6 Qf5 29. Bxd6 Qxf6 30. Rf1 Qd4 31. Bc5 Qe5 32.
Qc3 Qe2+ 33. Rf2 Qe6 34. Qh8 Ne5 35. Bd4 Nf7 36. Rf6+ 1-0

[Event "Late-Titled-Tuesday-Blitz-May-28-2024"]
[Site "Chess.com"]
[Date "2024.05.28"]
[Round "2"]
[White "jbking07"]
[Black "nocnypako"]
[Result "0-1"]
[WhiteElo "2366"]
[BlackElo "2692"]
[TimeControl "180+1"]
[EndTime "14:17:15 PDT"]
[Termination "nocnypako won by resignation"]

1. e4 e6 2. d4 d5 3. Nd2 c5 4.
Ngf3 cxd4 5. exd5 Qxd5 6. Bc4 Qd6 7. O-O Nf6 8. Nb3 Nc6 9. Nbxd4 Nxd4 10. Nxd4 Be7 11. b3 O-O 12. Bb2 a6 13. Qf3 Qc7 14. Rfe1 Rb8 15. Bd3 Rd8 16. Rad1 h6 17. c4 Bb4 18.
Rf1 Bd7 19. a3 Bc5 20. Bb1 Re8 21. b4 Bxd4 22. Bxd4 e5 23. Bc5 Bc6 24. Qf5 Rbd8 25. Rxd8 Rxd8 26. Re1 b6 27. Be3 Bd7 28. Qf3 e4 29.
Bxe4 Bg4 30. Qg3 Qxg3 31. hxg3 Nxe4 32. Bxb6 Rd1 33. Rxd1 Bxd1 34. c5 Kf8 35. f3 Nc3 36.
c6 Ke8 37. Bd4 Ne2+ 0-1

[Event "Late-Titled-Tuesday-Blitz-May-28-2024"]
[Site "Chess.com"]
[Date "2024.05.28"]
[Round "2"]
[White "Laico"]
[Black "WoodlandMagic"]
[Result "0-1"]
[WhiteElo "2423"]
[BlackElo "2835"]
[TimeControl "180+1"]
[EndTime "14:17:17 PDT"]
[Termination "WoodlandMagic won by resignation"]

1. e4 c5 2. Nc3 e6 3. f4 d5 4. Nf3 Nf6 5. e5 Ng8 6. Bb5+ Bd7 7. O-O Nh6 8. d3 Be7 9. Qe1 O-O 10. h3 Bc8 11. d4 c4 12. g4 a6 13. Ba4 b5 14. f5 exf5 15. g5 Ng4 16. Bxb5 axb5 17.
Nxb5 Nc6 18. c3 Ba6 19. Nd6 Bxd6 20. exd6 Re8 21. Qg3 Ne3 22. Bxe3 Rxe3 23. Qf4 Re6 24. Qxf5 Qxd6 25. Ne5 Nxe5 26. dxe5 Qc5+ 27. Kh1 Rf8 28. Rae1 Bb7 29. Kh2 d4 30. cxd4 Qxd4 31. Rf4 Qd2+ 0-1

[Event "Late-Titled-Tuesday-Blitz-May-28-2024"]
[Site "Chess.com"]
[Date "2024.05.28"]
[Round "2"]
[White "N_Mullodzhanov"]
[Black "Felix-Rose"]
[Result "1/2-1/2"]
[WhiteElo "2513"]
[BlackElo "2280"]
[TimeControl "180+1"]
[EndTime "14:17:19 PDT"]
[Termination "Game drawn by repetition"]

1. e4 e5 2. Nf3 Nc6 3. d4 exd4 4.
Nxd4 Nf6 5. Nc3 Bb4 6. Nxc6 bxc6 7. Bd3 d5 8. exd5 O-O 9. O-O cxd5 10. h3 c6 11. Qf3 Bd6 12. Bf4 Rb8 13. b3 Re8 14. Ne2 Be6 15. Rfe1 Qc7 16. Qg3 Bxf4 17. Nxf4 a5 18.
Nh5 Qxg3 19. Nxf6+ gxf6 20. fxg3 a4 21. Rf1 axb3 22.
axb3 Kg7 23. g4 Ra8 24. Kf2 c5 25. Kf3 Red8 26. h4 h6 27. Rfe1 Rdc8 28. g3 Rd8 29. Kf4 Rdb8 30. Bf5 Rb4+ 31. Kf3 Rxa1 32. Rxa1 Bxf5 33. gxf5 c4 34. bxc4 Rxc4 35. Rd1 Rc3+ 36. Rd3 Rxc2 37. Rxd5 Rc3+ 38. Kg4 h5+ 39. Kh3 Re3 40. Rd4 Rf3 41. Rd5 Re3 42. Kg2 Re5 43. Rxe5 fxe5 44. Kf3 f6 45. Ke4 Kh6 46. Kd5 Kg7 47.
Ke4 Kf7 48. Kf3 Kg7 49. Ke4 1/2-1/2

[Event "Late-Titled-Tuesday-Blitz-May-28-2024"]
[Site "Chess.com"]
[Date "2024.05.28"]
[Round "2"]
[White "Engima32"]
[Black "ritanovikova"]
[Result "1-0"]
[WhiteElo "2474"]
[BlackElo "2167"]
[TimeControl "180+1"]
[EndTime "14:17:22 PDT"]
[Termination "Engima32 won on time"]

1. d4 d5 2. Nf3 Nf6 3. g3 g6 4. Bg2 Bg7 5. O-O O-O 6. c4 c6 7. cxd5 cxd5 8. Nc3 Nc6 9. Ne5 a6 10.
Nxc6 bxc6 11. Bf4 Qb6 12. Na4 Qb5 13. Rc1 Bf5 14. Re1 Rac8 15. e3 Be4 16. Bf1 Qb7 17. b3 Nd7 18. Qe2 e5 19. dxe5 Bxe5 20. Bxe5 Nxe5 21. Nc5 Qe7 22. Bg2 Qf6 23. f4 Bxg2 24. Kxg2 Qf5 25. fxe5 Rfe8 26. e6 fxe6 27. Rf1 Qg5 28. Qf2 Rf8 29. Qxf8+ Rxf8 30. Rxf8+ Kg7 31. Nxe6+ 1-0

[Event "Late-Titled-Tuesday-Blitz-May-28-2024"]
[Site "Chess.com"]
[Date "2024.05.28"]
[Round "2"]
[White "Sawatdeekhrap"]
[Black "GiorgianBarbosa"]
[Result "1-0"]
[WhiteElo "2770"]
[BlackElo "2504"]
[TimeControl "180+1"]
[EndTime "14:17:23 PDT"]
[Termination "Sawatdeekhrap won by resignation"]

1. e4 c5 2. Nf3 g6 3. d4 cxd4 4. Nxd4 Bg7 5. Nc3 Nc6 6. Be3 Nf6 7. Bc4 O-O 8. Bb3 Re8 9. O-O d6 10. h3 a6 11. Re1 Nxd4 12. Bxd4 b5 13. a4 b4 14. Nd5 Bb7 15. Bb6 Qd7 16. Nc7 Qc6 17. Nxa8 Bxa8 18. a5 Nxe4 19. Ba4 Qc8 20. Bxe8 Qxe8 21.
Qd3 Qc6 22. f3 Nc5 23. Qc4 Bxb2 24. Rad1 Bc3 25. Rxe7 Ne6 26. Qxc6 Bxc6 27. Rxd6 Ba4 28. Be3 Bxc2 29. Bh6 Bg7 30. Re8+ Nf8 31. Bxg7 Kxg7 32. Rxa6 b3 33. Rb6 Nd7 34. Rb5 Nf6 35. Reb8 Nh5 36. Rxb3 Bxb3 37. Rxb3 Nf4 38. a6 Ne2+ 39. Kf2 Nd4 40. Rb2 Nc6 41. Rb7 Nd8 42. Rd7 Ne6 43. a7 Nc5 44. Rd1 1-0

[Event "Late-Titled-Tuesday-Blitz-May-28-2024"]
[Site "Chess.com"]
[Date "2024.05.28"]
[Round "2"]
[White "larsmandreassen"]
[Black "Cambek64"]
[Result "0-1"]
[WhiteElo "2228"]
[BlackElo "2503"]
[TimeControl "180+1"]
[EndTime "14:17:24 PDT"]
[Termination "Cambek64 won on time"]

1. d4 c5 2. Nf3 cxd4 3. c3 dxc3 4. Nxc3 Nc6 5. e4 e6 6. Bc4 Qc7 7. Qe2 Nf6 8. e5 Ng4 9. Bf4 f6 10. O-O Ngxe5 11. Nb5 Qb8 12. Rfe1 a6 13. Nbd4 Nxf3+ 14. Qxf3 Nxd4 15. Qe4 Qa7 16. Be3 Bc5 17. Rad1 O-O 18. Rxd4 d5 19. Rxd5 Bxe3 20. Rxe3 exd5 21. Bxd5+ Kh8 0-1

[Event "Late-Titled-Tuesday-Blitz-May-28-2024"]
[Site "Chess.com"]
[Date "2024.05.28"]
[Round "2"]
[White "ccccvhhhj"]
[Black "Masterisback04"]
[Result "1-0"]
[WhiteElo "2459"]
[BlackElo "2111"]
[TimeControl "180+1"]
[EndTime "14:17:24 PDT"]
[Termination "ccccvhhhj won on time"]

1. e4 c5 2. Nf3 Nc6 3. d4 cxd4 4. Nxd4 g6 5. Nc3 Bg7 6. Be3 Nf6 7. Nxc6 bxc6 8. e5 Nd5 9. Nxd5 cxd5 10. Qxd5 Rb8 11. Bc4 O-O 12. O-O Qc7 13. f4 Bb7 14. Qd3 d5 15.
Bb3 e6 16. c3 Rfd8 17. Bxa7 Ra8 18. Bd4 Bf8 19. Kh1 Ba6 20. Qe3 Bxf1 21. Rxf1 Rdc8 22.
h3 Bc5 23. Rd1 Bxd4 24. Rxd4 Qc5 25. Qd2 Qb5 26. Kh2 Rc5 27. Qf2 Rf8 28. Bd1 f6 29.
Bg4 fxe5 30. Bxe6+ Kg7 31. Rb4 Qc6 32. f5 Qxe6 33. Qxc5 Qxf5 34. Qxd5 Rf7 35. a4 Rd7 36. Qf3 Rd3 37. Qxf5 gxf5 38. a5 Rd5 39. Ra4 e4 40.
a6 e3 41. a7 Rd8 42. a8=Q 1-0

[Event "Late-Titled-Tuesday-Blitz-May-28-2024"]
[Site "Chess.com"]
[Date "2024.05.28"]
[Round "2"]
[White "Hikaru"]
[Black "Bykov_Egor"]
[Result "1-0"]
[WhiteElo "3211"]
[BlackElo "2656"]
[TimeControl "180+1"]
[EndTime "14:17:25 PDT"]
[Termination "Hikaru won by resignation"]

1. Nf3 Nf6 2. b3 d6 3. d4 g6 4. e3 Bg7 5. Bb2 O-O 6. Be2 c5 7. O-O cxd4 8. Nxd4 Nc6 9. Nxc6 bxc6 10. c4 c5 11. Qc1 Bb7 12. Nc3 Qc8 13. Rd1 Ne4 14. Nd5 Bxd5 15. Rxd5 Rb8 16. Bxg7 Kxg7 17. Qa3 Qc7 18.
f3 Nf6 19. Rd2 Rb4 20. Qc1 a5 21. Bd1 Nd7 22. a3 Rb7 23. Qc3+ f6 24. a4 Ne5 25. Bc2 Nc6 26. h4 Nb4 27. Be4 Rbb8 28. h5 Qd7 29. Kf2 Qe6 30. Rh1 Qe5 31. Qc1 f5 32. Bb1 f4 33. Re2 Nc6 34. Be4 Nd8 35. hxg6 hxg6 36.
exf4 Qd4+ 37. Qe3 Rxb3 38. Qxd4+ cxd4 39. Bc2 Rb7 40. Kg3 Nf7 41. Re6 Nh8 42. Rd1 Kf7 43. Re2 Rb4 44. Rxd4 Rc8 45. f5 gxf5 46. Bxf5 Rc5 47. Be6+ Kf6 48. Rf4+ Kg7 49. Bd5 e5 50. Rg4+ Kf6 51. f4 Ng6 52. fxe5+ Nxe5 53. Rf2+ Ke7 54. Rg7+ Ke8 55. Rf6 Rb3+ 56. Kh2 Nxc4 57. Rg8+ 1-0